 Dungeon Crawl Stone Soup version 0.17.1-1-g73c8601 (webtiles) character file.

322 Herrn the Chopper (level 6, 0/56 HPs)
             Began as a Naga Fighter on Jan 5, 2016.
             Slain by Pikel
             ... wielding a +2 whip of freezing
              (4 damage)
             ... on level 4 of the Dungeon.
             The game lasted 00:07:06 (3375 turns).

Herrn the Chopper (Naga Fighter)                    Turns: 3375, Time: 00:07:06

Health: 0/56       AC:  5    Str: 18    XL:     6   Next: 47%
Magic:  6/6        EV:  6    Int: 11    God:
Gold:   91         SH:  9    Dex: 10    Spells: 0 memorised, 5 levels left

rFire  . . .     SeeInvis +     a - +0 war axe
rCold  . . .     Clarity  .     b - +0 scale mail
rNeg   . . .     SustAt   .     c - +0 shield
rPois  +         Gourm    .     (no helmet)
rElec  .         Spirit   .     (no cloak)
rCorr  .         Warding  .     (no gloves)
rMut   .         Stasis   .     (no barding)
MR     .....                    (no amulet)
Stlth  ..........               (no ring)
                                (no ring)

@: short of breath, very slow, not resistant to hostile enchantments, extremely
unstealthy
A: see invisible, deformed body, poison resistance, slowness 2, slow metabolism
1, spit poison 2, AC +2
a: Spit Poison


You were on level 4 of the Dungeon.
You were very hungry.

You visited 1 branch of the dungeon, and saw 4 of its levels.

You collected 91 gold pieces.

Inventory:

Hand Weapons
 a - a +0 war axe (weapon)
Armour
 b - a +0 scale mail (worn)
 c - a +0 shield (worn)
Scrolls
 d - 2 scrolls of fog {unknown}
 g - a scroll of enchant weapon {unknown}
 h - a scroll of fear {unknown}
 i - 2 scrolls of magic mapping {unknown}
 j - 2 scrolls of random uselessness {unknown}
 l - 5 scrolls of identify {unknown}
 o - 2 scrolls of recharging {unknown}
 p - 2 scrolls of remove curse {unknown}
Potions
 f - a potion of lignification {unknown}
 n - a potion of cure mutation {unknown}
 q - a potion of resistance {unknown}
Books
 t - a book of the Warp

   Spells                             Type                      Level
   a - Recall                         Summoning/Translocation      3
   b - Gell's Gravitas                Hexes/Translocation          3
   c - Force Lance                    Conjuration/Translocation    4
   d - Phase Shift                    Translocation                5
   e - Warp Weapon                    Charms/Translocation         5
   f - Summon Forest                  Summoning/Translocation      5
Comestibles
 e - a bread ration
 k - 12 fruits
 s - a meat ration


   Skills:
 + Level 3.6 Fighting
 * Level 3.9 Axes
 + Level 3.5 Armour
 + Level 1.7 Dodging
 + Level 3.3 Shields


You had 5 spell levels left.
You didn't know any spells.

Dungeon Overview and Level Annotations

Branches:
Dungeon (4/15)
 Temple: D:4-7

Altars:
Cheibriados
Dithmenos
Elyvilon
Fedhas
Gozag
Qazlal
Sif Muna
Vehumet

Annotations:
D:4 Pikel


Innate Abilities, Weirdness & Mutations

You cannot wear boots.
Your serpentine skin is tough (AC +2).
You have supernaturally acute eyesight.
Armour fits poorly on your strangely shaped body.
Your system is resistant to poisons.
You cover ground very slowly.
You have a slow metabolism.
You can spit poison.


Message History

Pikel is severely wounded.
You feel slightly more hungry. Pikel hits you with a whip of freezing.
* * * LOW HITPOINT WARNING * * *
Pikel freezes you.
* * * LOW HITPOINT WARNING * * *
Drink which item? (? for menu, Esc to quit)
You don't have any such object.
Drink which item? (? for menu, Esc to quit)
You don't have any such object.
Drink which item? (? for menu, Esc to quit)
Okay, then.
Unknown command.
Unknown command.
You slash Pikel!
Pikel is almost dead.
Pikel hits you but does no damage.
You closely miss Pikel.
Pikel is almost dead.
Pikel hits you but does no damage. Pikel hits you with a whip of freezing.
You die...

##..........## #......
##...##....## ....>
##.########.## ....
###...# ##..###### ....
##..##.# #..........
##.####.######.#####....
#.####.....##.## ..
#####..##.....#
#...######@## ##### #K#
#p# ......ppp.#
.#..........#
####$...##Kp.. #.....


#pp #.$#..# . #.# #.. You could see Pikel and 4 slaves.

Vanquished Creatures
  An ogre (D:3)
  A scorpion (D:3)
  A hound (D:4)
  Ijyb (D:3)
  Jessica (D:3)
  An orc wizard (D:3)
  3 oozes
  A worm (D:2)
  3 giant geckos
  5 orcs (D:3)
  9 bats
  3 giant cockroaches
  6 goblins (D:1)
  5 hobgoblins
  4 jackals (D:3)
  3 ball pythons (D:1)
  3 giant newts
  7 kobolds
  9 rats
67 creatures vanquished.

Notes
Turn   | Place    | Note
--------------------------------------------------------------
     0 | D:1      | Herrn the Naga Fighter began the quest for the Orb.
     0 | D:1      | Reached XP level 1. HP: 21/21 MP: 1/1
   145 | D:1      | Reached XP level 2. HP: 28/28 MP: 2/2
   439 | D:1      | Reached XP level 3. HP: 34/34 MP: 3/3
  1044 | D:2      | Found a radiant altar of Vehumet.
  1124 | D:2      | Reached skill level 1 in Dodging
  1533 | D:2      | Found a blossoming altar of Fedhas.
  1623 | D:3      | Noticed a scorpion
  1627 | D:3      | Killed a scorpion
  1627 | D:3      | Reached XP level 4. HP: 35/42 MP: 4/4
  1636 | D:3      | Noticed Jessica
  1642 | D:3      | Killed Jessica
  1642 | D:3      | Reached XP level 5. HP: 26/49 MP: 5/5
  1787 | D:3      | Found an opulent altar of Gozag.
  1896 | D:3      | Noticed Ijyb
  1909 | D:3      | Killed Ijyb
  2472 | D:3      | Noticed an ogre
  2482 | D:3      | HP: 1/49 [ogre/giant club (12)]
  2483 | D:3      | Killed an ogre
  2483 | D:3      | Reached XP level 6. HP: 1/56 MP: 6/6
  3133 | D:4      | Found a snail-covered altar of Cheibriados.
  3141 | D:4      | Found a stormy altar of Qazlal.
  3145 | D:4      | Found a white marble altar of Elyvilon.
  3157 | D:4      | Found a shadowy altar of Dithmenos.
  3161 | D:4      | Found a deep blue altar of Sif Muna.
  3342 | D:4      | Noticed Pikel
  3371 | D:4      | HP: 1/56 [Pikel/whip of freezing (4)]
  3375 | D:4      | Slain by Pikel

Action                   |  1- 3 |  4- 6 || total
-------------------------+-------+-------++-------
Melee: War axe           |   129 |   106 ||   235
 Abil: Spit Poison       |    15 |    19 ||    34
  Use: Potion            |       |     6 ||     6
  Eat: Chunk             |     2 |     5 ||     7
